[Event "Early-Titled-Tuesday-Blitz-July-09-2024"]
[Site "Chess.com"]
[Date "2024.07.09"]
[Round "1"]
[White "DFeco"]
[Black "RobertoJBM"]
[Result "0-1"]
[WhiteElo "2475"]
[BlackElo "2867"]
[TimeControl "180+1"]
[EndTime "8:07:32 PDT"]
[Termination "RobertoJBM won by resignation"]

1. c4 c6 2. g3 d5 3. Nf3 dxc4 4. Bg2 b5 5. O-O Bb7 6. b3 cxb3 7.
Qxb3 e6 8. a4 a6 9. Nc3 Nd7 10.
Nd4 Qb6 11. axb5 cxb5 12. Bxb7 Qxb7 13. d3 Bc5 14. Be3 Ngf6 15. Ra2 O-O 16. Rfa1 Qb6 17. Nc2 Ng4 18. Bxc5 Nxc5 19. Qb4 Nxf2 20. Qd4 Nh3+ 21. Kg2 Ng5 22. h4 e5 23. Qxe5 Nge6 24. Nd5 Qb7 25. e4 Nxd3 26. Qf5 Ndc5 27. Nce3 Rad8 28. Qg4 Nd4 29.
h5 h6 30. Rf1 Kh8 31. Raf2 f6 32. Nf5 Nxf5 33. Rxf5 Nd3 34. Qf3 Ne5 35. Qe3 Rxd5 36. exd5 Qxd5+ 37. Kh3 Re8 38. Re1 Qd7 39. g4 Rc8 40. Rf4 Rc2 41. Re2 Qc6 42. Qe4 Rxe2 43. Qxe2 Qh1+ 44. Qh2 Qc1 45. Rd4 Qc7 46. Qd2 Kh7 47.
Rd8 b4 48. Qd1 b3 49. Qb1+ g6 50. hxg6+ Kg7 51. Qxb3 Qxd8 0-1

[Event "Early-Titled-Tuesday-Blitz-July-09-2024"]
[Site "Chess.com"]
[Date "2024.07.09"]
[Round "1"]
[White "SHIVACalypso"]
[Black "rasmussvane"]
[Result "0-1"]
[WhiteElo "2499"]
[BlackElo "2911"]
[TimeControl "180+1"]
[EndTime "8:07:33 PDT"]
[Termination "rasmussvane won on time"]

1. Nf3 d5 2. d4 e6 3. g3 Nf6 4.
Bg2 b5 5. O-O Bb7 6. a4 b4 7.
Ne5 Nbd7 8. Nxd7 Qxd7 9. Bf4 Bd6 10. Bxd6 cxd6 11. c3 bxc3 12. Nxc3 a5 13. Re1 O-O 14.
Rc1 Rab8 15. Nb5 Bc6 16. Qd2 Bxb5 17. axb5 Rxb5 18. Rc2 Rfb8 19. Rec1 h6 20. Rc7 Qd8 21. e3 a4 22. Qc2 Rb4 23. Qc6 Rxb2 24. Qxa4 Rb1 25.
Qa7 Rxc1+ 26. Rxc1 Rc8 27. Rb1 Ra8 28. Qb7 g6 29. h3 Kg7 30. Rc1 Rb8 31. Qa7 Rc8 32.
Rb1 Rc7 33. Qa6 Qd7 34. Bf3 e5 35. Rb6 Qxh3 36. Qa3 e4 37. Bg2 Qf5 38. Rxd6 Ng4 39. Qa2 Rc1+ 40. Bf1 Nxe3 41. Rxd5 Rxf1+ 0-1

[Event "Early-Titled-Tuesday-Blitz-July-09-2024"]
[Site "Chess.com"]
[Date "2024.07.09"]
[Round "1"]
[White "Happy1712Drummer"]
[Black "K_A_S_T_O_R"]
[Result "0-1"]
[WhiteElo "2469"]
[BlackElo "2859"]
[TimeControl "180+1"]
[EndTime "8:07:35 PDT"]
[Termination "K_A_S_T_O_R won by resignation"]

1. e4 c5 2. Nf3 d6 3. Bb5+ Nd7 4. O-O a6 5. Bxd7+ Bxd7 6. c3 Nf6 7. Re1 Bc6 8. d4 cxd4 9. cxd4 Bxe4 10. Nc3 d5 11. Bg5 e6 12. Nxe4 dxe4 13. Rxe4 Be7 14. Bxf6 gxf6 15.
d5 e5 16. Nh4 Qd7 17. Rc1 Rd8 18. Qh5 Qxd5 19. Rce1 Rg8 20. h3 Rg5 21. Qxh7 Kd7 22. Nf3 Rg6 23. h4 Kc8 24. h5 Rgg8 25. Qf5+ Qe6 26. Nh4 Rg5 27. Qf3 Rdg8 28. g3 Bd6 29. Rd1 f5 30. Re2 e4 31. Qc3+ Kb8 32. Ng2 Bxg3 33. fxg3 Rxg3 34. Qc5 f4 35. Red2 Qf6 36. Rd6 Rxg2+ 37. Kf1 Rg1+ 38. Qxg1 Rxg1+ 39. Kxg1 Qg5+ 40. Kf1 Qxh5 41. Rd8+ Ka7 42. R8d4 Qf3+ 43. Ke1 e3 44. R1d3 Qf2+ 0-1

[Event "Early-Titled-Tuesday-Blitz-July-09-2024"]
[Site "Chess.com"]
[Date "2024.07.09"]
[Round "1"]
[White "Kombinator01"]
[Black "woodpusher52"]
[Result "0-1"]
[WhiteElo "2417"]
[BlackElo "2752"]
[TimeControl "180+1"]
[EndTime "8:07:35 PDT"]
[Termination "woodpusher52 won by checkmate"]

1. e4 c5 2. Nf3 Nf6 3. e5 Nd5 4. b3 Nc6 5. Bb2 e6 6. Nc3 Nf4 7. Ne4 Qc7 8. Ng3 Be7 9. d3 Ng6 10. Qe2 Qa5+ 11. c3 Qc7 12. Qe4 f5 13. exf6 Bxf6 14.
h4 d5 15. Qe3 O-O 16. Qxc5 d4 17. Nxd4 Be7 18. Qc4 Nge5 19. Qa4 Nxd4 20. Qxd4 Bc5 21.
Qe4 Bxf2+ 22. Kd1 Bxg3 23. d4 Nc6 24. Bd3 g6 25. h5 Rf4 26. Qe2 Rf2 27. Qg4 Qf4 28.
Qxf4 Bxf4 29. Bc1 Bxc1 30. Kxc1 Ne7 31. g4 Bd7 32. Rb1 Raf8 33. Rb2 Rxb2 34. Kxb2 Rf2+ 35. Ka3 Kg7 36. h6+ Kf7 37. c4 Bc6 38. Re1 Rf3 39. Bb1 Rf4 40. g5 a6 41. Kb4 Rxd4 42. Kc5 Rf4 43.
a4 Rg4 44. Rf1+ Ke8 45. Kd6 Rxg5 46. Kxe6 Bd7+ 47. Kf6 Rh5 48. Kg7 Bf5 49. Bxf5 gxf5 50. Kxh7 Kf7 51. c5 Ng8 52. c6 Rxh6# 0-1

[Event "Early-Titled-Tuesday-Blitz-July-09-2024"]
[Site "Chess.com"]
[Date "2024.07.09"]
[Round "1"]
[White "ViktoriyaTarasova"]
[Black "FoggyMorning"]
[Result "0-1"]
[WhiteElo "2361"]
[BlackElo "2671"]
[TimeControl "180+1"]
[EndTime "8:07:35 PDT"]
[Termination "FoggyMorning won by resignation"]

1. d4 Nf6 2. c4 e6 3. Nc3 Bb4 4.
Nf3 d6 5. Bg5 h6 6. Bh4 g5 7.
Bg3 Ne4 8. Qc2 f5 9. e3 Bxc3+ 10. bxc3 Qf6 11. Bd3 Nxg3 12. hxg3 Nc6 13. O-O Bd7 14. e4 O-O 15. d5 Ne7 16. dxe6 Bxe6 17. Nd4 Bd7 18. exf5 Nxf5 19. Bxf5 Bxf5 20. Qb3 b6 21. c5+ Kh7 22. Nxf5 Qxf5 23. cxd6 cxd6 24. Rad1 Rf6 25. Qd5 Qxd5 26. Rxd5 Rc8 27. Rd3 Kg7 28. Rfd1 Rc6 29.
Kf1 Kf7 30. f3 Ke7 31. g4 Rf4 32. Re1+ Kd7 33. Rde3 Rf7 34. Kf2 Rc4 35. Kg3 Kc6 36. R1e2 a5 37. Re6 Rxc3 38. Rxh6 Rd7 39. Rg6 Rc5 40. Rf6 Kb5 41. Rf5 d5 42. Rxg5 d4 43. Rxc5+ bxc5 44. g5 d3 45. Rd2 c4 46. g6 c3 47. Rd1 c2 48. Rc1 d2 0-1

[Event "Early-Titled-Tuesday-Blitz-July-09-2024"]
[Site "Chess.com"]
[Date "2024.07.09"]
[Round "1"]
[White "elizabethcastaneda"]
[Black "Fh2411"]
[Result "1-0"]
[WhiteElo "2318"]
[BlackElo "2595"]
[TimeControl "180+1"]
[EndTime "8:07:35 PDT"]
[Termination "elizabethcastaneda won by resignation"]

1. e4 c6 2. d4 d5 3. Nc3 dxe4 4. Nxe4 Nf6 5. Ng3 Bg4 6. Be2 Bxe2 7. N1xe2 e6 8. O-O Be7 9. c4 O-O 10. h3 Nbd7 11. Be3 b5 12. b3 Nb6 13. Qc2 a5 14. a4 bxc4 15. bxc4 Qc7 16. Rfb1 c5 17. dxc5 Bxc5 18.
Nd4 Bxd4 19. Bxd4 Nxc4 20. Rc1 Rfc8 21. Bxf6 gxf6 22. Qe4 f5 23. Qh4 Qe5 24. Nh5 h6 25. Re1 Qh8 26. Nf6+ Kg7 27. Nh5+ Kg6 28. Nf4+ Kh7 29.
Nh5 Rab8 30. Rad1 Rb7 31. Nf6+ Kg6 32. Nh5 Rbc7 33. Rd3 Kh7 34. Rg3 Nd6 35. Nf6+ Qxf6 36. Qxf6 1-0

[Event "Early-Titled-Tuesday-Blitz-July-09-2024"]
[Site "Chess.com"]
[Date "2024.07.09"]
[Round "1"]
[White "Zq1"]
[Black "Arteler"]
[Result "0-1"]
[WhiteElo "2576"]
[BlackElo "2257"]
[TimeControl "180+1"]
[EndTime "8:07:35 PDT"]
[Termination "Arteler won on time"]

1. d4 d5 2. c4 c6 3. e3 Nf6 4.
Nc3 a6 5. a4 Bf5 6. Nf3 e6 7.
Bd3 Bxd3 8. Qxd3 Nbd7 9. O-O a5 10. e4 dxe4 11. Nxe4 Nxe4 12. Qxe4 Nf6 13. Qe2 Be7 14. Bf4 O-O 15. Rad1 Qb6 16. Ne5 Qb4 17. Qc2 Rfd8 18. Be3 Nd7 19. Nd3 Qd6 20. c5 Qc7 21. Bf4 Qc8 22.
b3 Nf6 23. Nb2 Nd5 24. Bg3 Nb4 25. Qb1 Bf6 26. Nc4 Nd5 27. Qc1 Qd7 28. Rfe1 Ra6 29.
h3 b5 30. axb5 cxb5 31. Nd6 a4 32. bxa4 bxa4 33. Qa3 h5 34. Re2 h4 35. Bh2 Rb8 36.
Rc2 Rb3 37. Qc1 Qc6 38. Nc4 a3 39. Be5 a2 40. Qa1 Bxe5 41. Nxe5 Qa4 42. Rdc1 Nb4 43. Rc4 Qa3 44. c6 Ra8 45. c7 Rc8 46. Nd7 Nd3 47. Rd1 Qb2 0-1

[Event "Early-Titled-Tuesday-Blitz-July-09-2024"]
[Site "Chess.com"]
[Date "2024.07.09"]
[Round "1"]
[White "JueIes"]
[Black "abelmat"]
[Result "1-0"]
[WhiteElo "2558"]
[BlackElo "2110"]
[TimeControl "180+1"]
[EndTime "8:07:35 PDT"]
[Termination "JueIes won on time"]

1. d4 d5 2. c4 e6 3. Nc3 Nf6 4. Bg5 Be7 5. e3 Nbd7 6. Nf3 h6 7.
Bh4 b6 8. cxd5 exd5 9. Rc1 O-O 10.
Bd3 Bb7 11. O-O c5 12. Bb1 Ne4 13. Bxe7 Qxe7 14. dxc5 Nxc3 15. Rxc3 bxc5 16. Qa4 Rfc8 17. Rfc1 g6 18. Qf4 Kg7 19. h4 h5 20. Ng5 Nf6 21.
Qg3 a5 22. Nf3 d4 23. exd4 Bxf3 24. Qxf3 Ng4 25. dxc5 Qxh4 26. Qg3 Qf6 27. c6 Ra6 28. c7 Rb6 29. b3 Rd6 30. Rf3 Qe7 31. Rfc3 Rd7 32.
Bd3 Qg5 33. Ba6 Ra8 34. c8=Q Rxc8 35. Bxc8 Rd2 36. Bxg4 hxg4 37. Qe3 Qe7 38. Qxe7 g3 39.
Qe5+ 1-0

[Event "Early-Titled-Tuesday-Blitz-July-09-2024"]
[Site "Chess.com"]
[Date "2024.07.09"]
[Round "1"]
[White "Mr_ruthless"]
[Black "AryanTari"]
[Result "0-1"]
[WhiteElo "2523"]
[BlackElo "3001"]
[TimeControl "180+1"]
[EndTime "8:07:36 PDT"]
[Termination "AryanTari won by resignation"]

1. e4 e5 2. Nf3 Nc6 3. Bc4 Nf6 4. d3 Bc5 5. c3 d6 6. O-O a5 7. h3 O-O 8. Re1 h6 9. Nbd2 Be6 10. Bb5 Bb6 11.
Nf1 Ne7 12. d4 exd4 13. Nxd4 Bd7 14. Bxd7 Qxd7 15. Ng3 Ng6 16. Be3 Rae8 17. Qc2 d5 18. exd5 Nxd5 19. Ndf5 Nxe3 20. Nxe3 Nf4 21. Rad1 Qc6 22.
Ngf5 Qg6 23. Kf1 Re5 24. Nd4 Qxc2 25. Nexc2 Rxe1+ 26. Rxe1 Nd3 27. Rb1 Re8 28. Ne1 Nf4 29. Nef3 Kf8 30. h4 h5 31. g3 Nd3 32. Ne1 Ne5 33. Nec2 Nc4 34. Kg2 g6 35. b3 Nd2 36.
Re1 Rxe1 37. Nxe1 Ne4 38. Ne2 Nxf2 39. Kf3 Ng4 40. Nd3 Ke7 41. Nef4 c6 42. c4 Kd6 43. Ne2 Ne5+ 44. Nxe5 Kxe5 45. g4 hxg4+ 46. Kxg4 Be3 47. Kf3 Bd2 48. Ng3 Be1 49. h5 Bxg3 0-1

[Event "Early-Titled-Tuesday-Blitz-July-09-2024"]
[Site "Chess.com"]
[Date "2024.07.09"]
[Round "1"]
[White "rezamahdavi2008"]
[Black "MVM2008"]
[Result "0-1"]
[WhiteElo "2946"]
[BlackElo "2530"]
[TimeControl "180+1"]
[EndTime "8:07:36 PDT"]
[Termination "MVM2008 won by resignation"]

1. e4 c5 2. Nf3 b6 3. d4 cxd4 4.
Nxd4 Bb7 5. Nc3 e6 6. Be3 Nf6 7. e5 Nd5 8. Nxd5 Bxd5 9. Qg4 Nc6 10. Nxc6 Bxc6 11. O-O-O Rc8 12. Ba6 Rc7 13. Rd3 b5 14. Rhd1 h5 15. Qg3 Be4 16. R3d2 Qb8 17. f3 Bg6 18. Qf4 Rc4 19. Qg3 Be7 20. c3 Bh4 21. Qh3 Bf5 22. g4 hxg4 23. Qf1 Qxe5 24. Bd4 Qf4 25. Bxb5 Rxd4 26. cxd4 Qc7+ 27. Qc4 Qxc4+ 28.
Bxc4 Bg5 29. fxg4 Bxg4 30. Rg1 Rxh2 31. Rxg4 Bxd2+ 32. Kc2 g6 33. d5 e5 34. Kb3 Bf4 35. d6 Rd2 36. Ka4 Rxd6 37. b4 Rd4 38. Kb3 d5 39. b5 dxc4+ 40. Kb4 Bd2+ 0-1

[Event "Early-Titled-Tuesday-Blitz-July-09-2024"]
[Site "Chess.com"]
[Date "2024.07.09"]
[Round "1"]
[White "JavierRuizVazquez"]
[Black "Puzzlebot_1294"]
[Result "1-0"]
[WhiteElo "2392"]
[BlackElo "2672"]
[TimeControl "180+1"]
[EndTime "8:07:36 PDT"]
[Termination "JavierRuizVazquez won on time"]

1. e4 e5 2. Nf3 Nc6 3. Bb5 Nge7 4. O-O g6 5. c3 Bg7 6. d4 exd4 7. cxd4 d5 8. e5 O-O 9. Nc3 Bg4 10. Be3 f6 11. exf6 Bxf6 12. Be2 a6 13. h3 Bf5 14. Qb3 Qd7 15. Rfe1 Be6 16. Rad1 Nf5 17. Na4 Na5 18. Qb4 b6 19. Bg5 Nc6 20. Qd2 Ncxd4 21. Bxf6 Nxe2+ 22. Qxe2 Rxf6 23. Nc3 c6 24. Qe5 Raf8 25. Ne4 R6f7 26. Nfg5 Re7 27. Nf6+ Rxf6 28. Qxf6 Ng7 29. Nxe6 Rxe6 30.
Rxe6 Qxe6 31. Qd8+ Qe8 32. Qxb6 Nf5 33. Qxa6 Nh4 34.
Qd3 Qb8 35. Qg3 Qd8 36. Re1 Nf5 37. Qe5 Ng7 38. a4 h5 39. a5 Qxa5 40. Qb8+ Kh7 41. Qe5 Qb5 42. Qd4 Nf5 43. Qf6 d4 44. Qf7+ Kh6 45.
Qf8+ Kh7 46. Re8 1-0

[Event "Early-Titled-Tuesday-Blitz-July-09-2024"]
[Site "Chess.com"]
[Date "2024.07.09"]
[Round "1"]
[White "seasidesunset"]
[Black "sergeikim"]
[Result "0-1"]
[WhiteElo "2239"]
[BlackElo "2592"]
[TimeControl "180+1"]
[EndTime "8:07:36 PDT"]
[Termination "sergeikim won by checkmate"]

1. c4 Nf6 2. g3 g6 3. Bg2 Bg7 4. Nc3 d6 5. e4 O-O 6. Nge2 e5 7. d3 c6 8. O-O a5 9. h3 Nh5 10. g4 Nf6 11. f4 exf4 12. Bxf4 Na6 13. Ng3 Ne8 14. d4 Nec7 15. Kh2 Ne6 16. Be3 c5 17. d5 Nd4 18. Qd2 Nb4 19. Rac1 Bd7 20.
Bg5 f6 21. Bh6 Bxh6 22. Qxh6 Nd3 23. Rb1 a4 24. Nce2 Nxe2 25. Nxe2 Qe7 26. Qe3 Ne5 27.
b3 b5 28. Qc3 b4 29. Qe3 axb3 30. axb3 Ra2 31. Ra1 Rfa8 32. Rxa2 Rxa2 33. Nc1 Ra3 34. Qf4 Kg7 35. Rf2 Nf7 36. Ra2 Rxa2 37. Nxa2 Ne5 38.
Nc1 Qd8 39. Ne2 g5 40. Qe3 Bxg4 41. Ng3 Kg6 42. Bf3 Bxf3 43. Nf5 Qa5 44. h4 Qa2+ 45. Kg3 Qg2# 0-1

[Event "Early-Titled-Tuesday-Blitz-July-09-2024"]
[Site "Chess.com"]
[Date "2024.07.09"]
[Round "1"]
[White "vladgoncharov"]
[Black "invisible_s0ul"]
[Result "0-1"]
[WhiteElo "2653"]
[BlackElo "2375"]
[TimeControl "180+1"]
[EndTime "8:07:37 PDT"]
[Termination "invisible_s0ul won by resignation"]

1. d4 g6 2. e4 Bg7 3. Nc3 e6 4. Be3 Ne7 5. Qd2 h5 6. O-O-O b6 7. f4 Bb7 8. Nf3 d5 9. Bb5+ Nd7 10. Ne5 c6 11. Bd3 Nxe5 12. fxe5 c5 13. Bb5+ Bc6 14. Bxc6+ Nxc6 15. exd5 cxd4 16. dxc6 dxe3 17. Qxe3 Bh6 18. Rxd8+ Rxd8 19. Re1 Bxe3+ 20. Rxe3 Rc8 21. Ne4 Rxc6 22. c3 Ke7 23. Rf3 Rc7 24. Kc2 Rd7 25. Nd6 Rf8 26. c4 f6 27. Ne4 fxe5 28. Rg3 Rg8 29.
h4 Rd4 30. Nd2 Rgd8 31. Nf3 Rxc4+ 32. Kb3 Rg4 33. Rxg4 hxg4 34. Nxe5 Kf6 35. Nxg4+ Kf5 36. Nh6+ Kf4 37. g4 Rh8 38. g5 e5 39. Kc3 e4 40. Kd2 e3+ 41. Ke2 Rd8 42. Ke1 Rd2 43.
Nf7 Rxb2 44. a4 Ra2 45. Kf1 e2+ 46. Kf2 Ke4 47. h5 gxh5 48. g6 e1=Q+ 49. Kxe1 Rg2 50.
Nd6+ Kd5 51. Nc8 Ke6 52. Nxa7 Rxg6 53. Nc8 Kd7 54. Na7 Rg4 55. Nb5 Rxa4 56. Kf2 Ra2+ 57.
Kg3 Ra4 58. Nc3 Ra3 0-1

[Event "Early-Titled-Tuesday-Blitz-July-09-2024"]
[Site "Chess.com"]
[Date "2024.07.09"]
[Round "1"]
[White "bazar-wokzal"]
[Black "Millerkallpa"]
[Result "1/2-1/2"]
[WhiteElo "2583"]
[BlackElo "2239"]
[TimeControl "180+1"]
[EndTime "8:07:37 PDT"]
[Termination "Game drawn - insufficient material"]

1. e4 e5 2. Bc4 Nc6 3. f4 exf4 4. d4 Qh4+ 5. Kf1 Nf6 6. Nf3 Qh5 7. Nc3 d6 8. Bxf4 Bg4 9. e5 dxe5 10. dxe5 Nd7 11. e6 fxe6 12. Bxc7 Bc5 13. Ne4 Bxf3 14. gxf3 Qh3+ 15.
Ke2 Nce5 16. Bxe5 Nxe5 17. Qf1 Qxf1+ 18. Rhxf1 Nxc4 19. Nxc5 O-O-O 20. b3 Nd6 21. Rad1 Nf5 22. c3 b6 23. Ne4 h6 24. Rxd8+ Rxd8 25. Rd1 Rxd1 26. Kxd1 Kd7 27. Ke2 Kc6 28. Kd3 Kd5 29. c4+ Ke5 30. c5 bxc5 31. Nxc5 Nh4 32. Ke3 Ng2+ 33.
Kf2 Nf4 34. b4 Kd4 35. Kg3 g5 36. h4 Kc4 37. a3 a5 38. hxg5 hxg5 39. Ne4 axb4 40.
axb4 Kxb4 41. Nxg5 Ne2+ 42. Kg4 Nd4 43. f4 Kc4 44. Nxe6 Nxe6 45. f5 Nf8 46. Kg5 Kd5 47.
Kf6 Kd6 48. Kf7 Nd7 49. f6 Nxf6 1/2-1/2

[Event "Early-Titled-Tuesday-Blitz-July-09-2024"]
[Site "Chess.com"]
[Date "2024.07.09"]
[Round "1"]
[White "coalescenet"]
[Black "gafkens"]
[Result "0-1"]
[WhiteElo "2317"]
[BlackElo "2640"]
[TimeControl "180+1"]
[EndTime "8:07:38 PDT"]
[Termination "gafkens won on time"]

1. d4 g6 2. c4 Bg7 3. e4 d6 4. Ne2 e5 5. dxe5 dxe5 6. Nbc3 Qxd1+ 7. Nxd1 Be6 8. Nec3 c6 9. Be2 Nd7 10. Be3 Bh6 11. O-O Bxe3 12. Nxe3 Ngf6 13. Rad1 a5 14. b3 Nc5 15. Bf3 Ke7 16. Rd2 Rhd8 17. Rfd1 Rxd2 18.
Rxd2 h5 19. g3 g5 20. Rd1 Rh8 21. Kf1 h4 22. Ke2 Ne8 23. Rg1 f6 24. Rd1 Nd6 25.
Bg2 g4 26. f3 hxg3 27. hxg3 gxf3+ 28. Bxf3 Rh2+ 29. Ng2 Bh3 30. Kf2 Bxg2 31. Bxg2 Ne6 32.
Rh1 Rxh1 33. Bxh1 Nd4 34. Bf3 Nf7 35. Bg4 Ng5 36. Bc8 b6 37. Bg4 Kd6 38. Ke3 Nf7 39.
Bh5 Nd8 40. Bg4 Nb7 41. Bc8 Nd8 42. Bg4 Kc5 43. Bd1 Kb4 44. Kd2 Ka3 45. Kc1 Nb7 46.
Bg4 Nc5 47. Bd1 Nd3+ 48. Kd2 Nb4 0-1

[Event "Early-Titled-Tuesday-Blitz-July-09-2024"]
[Site "Chess.com"]
[Date "2024.07.09"]
[Round "1"]
[White "krzyzan94"]
[Black "AlexZambrano"]
[Result "1-0"]
[WhiteElo "2792"]
[BlackElo "2411"]
[TimeControl "180+1"]
[EndTime "8:07:39 PDT"]
[Termination "krzyzan94 won by checkmate"]

1. Nf3 Nf6 2. g3 g6 3. Bg2 Bg7 4. O-O O-O 5. d4 d5 6. a4 c6 7. a5 Nbd7 8. c4 Re8 9. Nc3 dxc4 10. e4 e5 11. dxe5 Ng4 12. e6 Rxe6 13. Ng5 Ngf6 14.
Nxe6 fxe6 15. Qa4 Ne5 16. Bf4 Nfd7 17. Rad1 Qc7 18. Rd2 Rb8 19. Rfd1 b5 20. axb6 axb6 21. Bxe5 Nxe5 22. Ne2 b5 23. Qc2 Ba6 24. Nf4 Qe7 25. b3 g5 26. Nh5 Qf7 27. Nxg7 Kxg7 28. bxc4 bxc4 29. Qc3 Qf6 30. Qa5 Bb5 31. Qc7+ Kg6 32. Rd8 Rxd8 33. Rxd8 Nd3 34. f4 Qd4+ 35. Rxd4 gxf4 36.
gxf4 c3 37. f5+ Kf6 38. Qd8+ Ke5 39. Qd6+ Kf6 40. Qxe6+ Kg5 41. Qe7+ Kf4 42. Rxd3 Bxd3 43. Qc5 c2 44. Qc3 Be2 45. f6 Bg4 46. f7 Be6 47.
f8=Q+ Kg5 48. Qff6+ Kh5 49. Bf3+ Bg4 50. Bxg4+ Kxg4 51. Qcf3# 1-0

[Event "Early-Titled-Tuesday-Blitz-July-09-2024"]
[Site "Chess.com"]
[Date "2024.07.09"]
[Round "1"]
[White "Javokhir_Sindarov05"]
[Black "esskeettit"]
[Result "1-0"]
[WhiteElo "3086"]
[BlackElo "2533"]
[TimeControl "180+1"]
[EndTime "8:07:40 PDT"]
[Termination "Javokhir_Sindarov05 won by resignation"]

1. e4 c5 2. Nf3 Nc6 3. Nc3 g6 4.
d4 cxd4 5. Nxd4 Bg7 6. Be3 Nf6 7. Nxc6 bxc6 8. e5 Ng8 9. Bd4 Qc7 10. Bc4 Nh6 11. e6 O-O 12. Bxg7 Kxg7 13. Qd4+ f6 14.
exd7 Bxd7 15. O-O-O Rad8 16. Qc5 Nf5 17. Rhe1 Rfe8 18.
Kb1 Qb6 19. Na4 Qxc5 20. Nxc5 Bc8 21. b4 e5 22. Kb2 Nd4 23. f4 Bf5 24. c3 Nc2 25.
Rxd8 Rxd8 26. Re2 exf4 27. Rxc2 Bxc2 28. Ne6+ Kh6 29. Nxd8 Be4 30. Bf1 g5 31. Nf7+ Kg6 32.
Nd6 Bd5 33. c4 Be6 34. Kc3 h5 35. Kd4 g4 36. a4 Kg5 37. Ne4+ Kg6 38. b5 f5 39. Nc5 Bc8 40. bxc6 h4 41. Ke5 f3 42. gxf3 h3 43. fxg4 fxg4 44. Kf4 Kh5 45. Be2 1-0

[Event "Early-Titled-Tuesday-Blitz-July-09-2024"]
[Site "Chess.com"]
[Date "2024.07.09"]
[Round "1"]
[White "GMG"]
[Black "Pakarma"]
[Result "1-0"]
[WhiteElo "2831"]
[BlackElo "2454"]
[TimeControl "180+1"]
[EndTime "8:07:40 PDT"]
[Termination "GMG won by resignation"]

1. c4 g6 2. d4 Nf6 3. Nf3 d6 4. g3 Bg7 5. Bg2 O-O 6. O-O Nbd7 7. Nc3 a6 8. e4 e5 9. Re1 exd4 10. Nxd4 Ng4 11.
h3 Qf6 12. hxg4 Qxd4 13. Qxd4 Bxd4 14. Bh6 Bg7 15. Bxg7 Kxg7 16. f3 Ne5 17. b3 Be6 18. Red1 Rfd8 19. g5 c5 20. f4 Nc6 21. Rd2 Nd4 22. Rad1 Bg4 23. Rxd4 cxd4 24. Rxd4 b5 25. Bf1 bxc4 26. Bxc4 Be6 27. Nd5 Bxd5 28. Rxd5 Rac8 29. Ra5 Rc6 30. a4 Ra8 31. Kf2 Rc5 32. Rxa6 Rxa6 33.
Bxa6 Rc2+ 34. Ke1 Rc3 35. Bc4 Rxg3 36. Bd5 Rg1+ 37. Kd2 Ra1 38. Kc3 f6 39. Kb2 Rf1 40. a5 fxg5 41. fxg5 Rf2+ 42. Ka3 Rf1 43. b4 h6 44. gxh6+ Kxh6 45. a6 Ra1+ 46. Ba2 Rc1 47.
a7 Rc8 48. Bd5 g5 49. a8=Q Rxa8+ 50. Bxa8 1-0

[Event "Early-Titled-Tuesday-Blitz-July-09-2024"]
[Site "Chess.com"]
[Date "2024.07.09"]
[Round "1"]
[White "Bond_7_7_7"]
[Black "mind1mover"]
[Result "1-0"]
[WhiteElo "2468"]
[BlackElo "2805"]
[TimeControl "180+1"]
[EndTime "8:07:40 PDT"]
[Termination "Bond_7_7_7 won by resignation"]

1. e4 e5 2. Nf3 Nc6 3. Nc3 Nf6 4.
a3 d6 5. d4 a6 6. dxe5 Nxe5 7.
Nxe5 dxe5 8. Qxd8+ Kxd8 9. Bc4 Be6 10. Bxe6 fxe6 11. Bg5 Bd6 12. O-O-O Ke7 13. Rd3 b5 14. f3 h6 15. Be3 Rab8 16. Ne2 a5 17. Rhd1 a4 18. c3 Nd7 19. Ng3 Nb6 20. Bf2 Nc4 21. Nh5 g6 22. Ng3 h5 23. h4 Rbg8 24. Ne2 Ke8 25.
Ng1 g5 26. hxg5 Rxg5 27. g3 Rf8 28. Nh3 Rg6 29. Rh1 Be7 30. Kc2 Rf7 31. b3 Nxa3+ 32. Kb2 axb3 33. Kxb3 Nc4 34. Ra1 Rxf3 35. Ra8+ Kf7 36.
Rxf3+ Kg7 37. Kc2 Na3+ 38. Kd3 Nc4 39. Ra7 Bd6 40. Bc5 Kh6 41. Bxd6 cxd6 42. Raf7 h4 43. gxh4 Kh5 44. Nf2 Rg1 45. R3f6 Kxh4 46. Rh7+ Kg5 47. Rg7+ Kxf6 48. Rxg1 Nb2+ 49. Kc2 Nc4 50. Nd3 Ne3+ 51. Kd2 Nc4+ 52. Ke2 Kf7 53. Rb1 Na3 54. Rb3 Nb1 55.
Rxb1 1-0

[Event "Early-Titled-Tuesday-Blitz-July-09-2024"]
[Site "Chess.com"]
[Date "2024.07.09"]
[Round "1"]
[White "czasnaszachy"]
[Black "MarcoRiehle"]
[Result "0-1"]
[WhiteElo "2456"]
[BlackElo "2847"]
[TimeControl "180+1"]
[EndTime "8:07:42 PDT"]
[Termination "MarcoRiehle won by resignation"]

1. e4 e5 2. Nf3 Nf6 3. Nxe5 Nxe4 4. Qe2 Qe7 5. Qxe4 d6 6. d4 dxe5 7. dxe5 Nc6 8. Nc3 Qxe5 9. Qxe5+ Nxe5 10. Bf4 f6 11.
O-O-O Bd7 12. Bxe5 fxe5 13. Bc4 O-O-O 14. Rhe1 Bd6 15.
Ne4 Bf5 16. f3 h6 17. Rd2 Be7 18. Rxd8+ Rxd8 19. Bd3 Bd7 20. Ng3 Bf6 21. Bf5 Bg5+ 22. Kb1 Bf4 23. Rd1 Bxf5 24. Rxd8+ Kxd8 25. Nxf5 g6 26. Ng3 Ke7 27. Nf1 Ke6 28. g3 Bg5 29. h4 Be7 30. Kc1 e4 31. Kd2 exf3 32. Ke3 Bf6 33.
c3 a5 34. Kxf3 a4 35. a3 Kd5 36. Ne3+ Kc5 37. Ke4 h5 38. Nd5 Bd8 39. Nf4 Kc4 40.
Nxg6 Kb3 41. Kd3 Kxb2 42. Nf4 Kxa3 43. Nxh5 Kb2 44. Nf4 a3 45. Kd2 a2 46. Nd3+ Ka3 47. Nb4 Be7 48. Nc2+ Kb2 49. Kd3 a1=Q 50. Nxa1 Kxa1 51.
Kc2 Ka2 52. h5 Bg5 53. g4 b5 54. Kd3 Kb3 55. Ke4 Kxc3 56. Kf5 Be3 57. g5 b4 58. h6 b3 59. h7 Bd4 60. g6 b2 0-1

[Event "Early-Titled-Tuesday-Blitz-July-09-2024"]
[Site "Chess.com"]
[Date "2024.07.09"]
[Round "1"]
[White "DanylaBagrov"]
[Black "Sasha_Solovev_777"]
[Result "0-1"]
[WhiteElo "2593"]
[BlackElo "2293"]
[TimeControl "180+1"]
[EndTime "8:07:42 PDT"]
[Termination "Sasha_Solovev_777 won by checkmate"]

1. e4 c5 2. Nf3 d6 3. Bb5+ Nd7 4.
O-O a6 5. Bd3 g6 6. c3 Bg7 7.
Bc2 e5 8. d4 Ne7 9. Nbd2 cxd4 10.
cxd4 exd4 11. Nc4 Ne5 12. Bb3 b5 13. Na3 Nxf3+ 14. Qxf3 O-O 15. Bg5 Be6 16. Nc2 Bxb3 17. axb3 Qd7 18. Nb4 a5 19. Bxe7 Qxe7 20. Nd5 Qe5 21. Qd3 b4 22. f4 Qh5 23. Rfc1 Kh8 24. Rc7 f5 25. Re1 fxe4 26. Qxe4 Qf5 27. Qe7 Rg8 28. Nb6 Raf8 29. Nc4 Qxf4 30. h3 h5 31. Nxd6 d3 32. Nf7+ Kh7 33. Ng5+ Kh6 34. Ne6 Qf2+ 35. Kh2 Qxe1 36. Qg5+ Kh7 37. Nf4 Qe5 38. Qxg6+ Kh8 39. Rc4 Rxf4 40. g3 Rf2+ 41. Kg1 Qe1# 0-1

[Event "Early-Titled-Tuesday-Blitz-July-09-2024"]
[Site "Chess.com"]
[Date "2024.07.09"]
[Round "1"]
[White "Austen48"]
[Black "Galileo22"]
[Result "0-1"]
[WhiteElo "2299"]
[BlackElo "2616"]
[TimeControl "180+1"]
[EndTime "8:07:43 PDT"]
[Termination "Galileo22 won by resignation"]

1. d4 Nf6 2. c4 e6 3. Nc3 Bb4 4. e3 O-O 5. Ne2 d5 6. Nf4 b6 7. cxd5 exd5 8. Bd3 c5 9. O-O Nc6 10.
a3 Bxc3 11. bxc3 Re8 12. a4 c4 13. Bc2 Ne7 14. f3 Bf5 15. Bd2 Bxc2 16. Qxc2 Ng6 17. Nxg6 hxg6 18. Rfe1 Qe7 19. Rab1 Qe6 20. a5 bxa5 21.
Ra1 Qf5 22. Qxf5 gxf5 23. Rxa5 a6 24. Rea1 Re6 25. Rb1 g6 26. Rb7 Kf8 27. Kf2 Re7 28.
Rb6 Re6 29. Rb7 Ke8 30. Bc1 Kd8 31. Ba3 Ke8 32. Rc5 Rd8 33. Rcc7 Rd7 34. Rc8+ Rd8 35.
Rxd8+ Kxd8 36. Rxf7 Ne8 37. Ra7 Nc7 38. Bc5 Kc8 39.
h4 Kb8 40. g4 fxg4 41. fxg4 Rc6 42. h5 gxh5 43. gxh5 Rh6 44. Kf3 Rxh5 45. Bb6 Nb5 46.
Rxa6 Kb7 47. Ra1 Kxb6 48. Rb1 Kc6 49. Kf4 Nxc3 50. Rc1 Ne4 51. Rxc4+ dxc4 52. Kxe4 Rh3 53. d5+ Kc5 54. d6 Kxd6 55. Kd4 c3 56. Kxc3 Rxe3+ 0-1